 Dungeon Crawl Stone Soup version 0.18.1-48-g4cf74bf (webtiles) character file.

70 tyranidshit the Skirmisher (level 4, 0/38 HPs)
             Began as a Demonspawn Abyssal Knight on Sept 7, 2016.
             Was a Believer of Lugonu.
             Succumbed to a kobold's poison
             ... on level 3 of the Dungeon.
             The game lasted 00:06:57 (1295 turns).

tyranidshit the Skirmisher (DsAK)                   Turns: 1295, Time: 00:06:58

Health: 0/38       AC:  5    Str: 13    XL:     4   Next: 3%
Magic:  5/5        EV: 10    Int: 14    God:    Lugonu [**....]
Gold:   69         SH:  0    Dex: 12    Spells: 0 memorised, 3 levels left

rFire  . . .     SeeInvis .     a - +1 hand axe
rCold  . . .     Gourm    .     d - +0 ring mail
rNeg   . . .     Faith    .     (no shield)
rPois  .         Spirit   .     (helmet restricted)
rElec  .         Dismiss  .     (no cloak)
rCorr  .         Reflect  .     (no gloves)
SustAt .         Harm     .     (no boots)
MR     .....                    (no amulet)
Stlth  +.........               (no ring)
                                (no ring)

@: lethally poisoned (0 -> -8), drained, not resistant to hostile enchantments,
very unstealthy
A: horns 1, talons 1, powered by pain 1
a: Depart the Abyss, Bend Space, Renounce Religion


You were on level 3 of the Dungeon.
You worshipped Lugonu.
Lugonu was pleased with you.
You were not hungry.

You visited 1 branch of the dungeon, and saw 3 of its levels.
You visited the Abyss 1 time.

You collected 69 gold pieces.

Inventory:

Hand Weapons
 a - a +1 hand axe (weapon)
Armour
 d - a +0 ring mail (worn)
 i - a +0 helmet
Jewellery
 g - an uncursed amulet of harm
Scrolls
 e - a scroll of blinking
 s - a scroll of recharging
 t - 2 scrolls of remove curse
 u - a scroll of identify
 w - a scroll of random uselessness
Books
 n - a book of Debilitation

   Spells                             Type                      Level
   a - Corona                         Hexes                        1
   b - Slow                           Hexes                        2
   c - Gell's Gravitas                Hexes/Translocation          3
   d - Inner Flame                    Hexes/Fire                   3
   e - Cause Fear                     Hexes                        4
   f - Leda's Liquefaction            Hexes/Earth                  4
Comestibles
 c - a bread ration
 f - a royal jelly
 l - 6 fruits


   Skills:
 + Level 4.9(4.2) Fighting
 - Level 1.7(1.1) Axes
 - Level 1.7(1.1) Armour
 - Level 0.8(0.2) Dodging
 - Level 2.4(1.7) Invocations


You had 3 spell levels left.
You didn't know any spells.

Dungeon Overview and Level Annotations

Branches:
Dungeon (3/15)

Altars:
Kikubaaqudgha
The Shining One


Innate Abilities, Weirdness & Mutations

You have a pair of small horns on your head.
You have sharp toenails.
You sometimes gain a little power by taking damage.


Message History

You feel sick. The kobold hits you but does no damage.
You barely miss the kobold. You claw the kobold, but do no damage.
* * * LOW HITPOINT WARNING * * *
You feel sick. The kobold hits you but does no damage.
You hit the kobold.
You kill the kobold!
Lugonu accepts your kill.
* * * LOW HITPOINT WARNING * * *
You feel sick.
* * * LOW HITPOINT WARNING * * *
You feel sick.
Things that are here:
an uncursed blowgun; a poisoned needle; a kobold corpse
* * * LOW HITPOINT WARNING * * *
You feel sick.
* * * LOW HITPOINT WARNING * * *
You feel sick.
* * * LOW HITPOINT WARNING * * *
You feel sick.
You die...

#### # .....
#####.#.#.#
#..###.†<......#
####....@)†...#.###
........((#####
#####.##### #


There were no monsters in sight!

Vanquished Creatures
  An adder (D:2)
  4 dart slugs (D:1)
  3 giant geckos
  2 orcs (D:2)
  5 bats
  A giant cockroach (D:3)
  8 goblins
  3 hobgoblins
  2 quokkas (D:2)
  A ball python (D:2)
  4 giant newts (D:1)
  5 kobolds
  7 rats
46 creatures vanquished.

Notes
Turn   | Place    | Note
--------------------------------------------------------------
     0 | Abyss:1  | tyranidshit the Demonspawn Abyssal Knight began the quest for the Orb.
     0 | Abyss:1  | Reached XP level 1. HP: 18/18 MP: 2/2
    47 | D:1      | Escaped the Abyss
   288 | D:1      | Gained mutation: You have sharp toenails. [demonic ancestry]
   288 | D:1      | Reached XP level 2. HP: 8/24 MP: 3/3
   491 | D:2      | Found a glowing golden altar of the Shining One.
   588 | D:2      | Reached ** piety under Lugonu
   599 | D:2      | Found an ancient bone altar of Kikubaaqudgha.
   614 | D:2      | Reached skill level 4 in Fighting
   614 | D:2      | Gained mutation: You sometimes gain a little power by taking damage. [demonic ancestry]
   614 | D:2      | Reached XP level 3. HP: 26/30 MP: 4/4
  1283 | D:3      | Gained mutation: You have a pair of small horns on your head. [demonic ancestry]
  1283 | D:3      | Reached XP level 4. HP: 18/38 MP: 5/5
  1294 | D:3      | HP: 1/38 [poisoned by a kobold]
  1295 | D:3      | Succumbed to a kobold's poison

Skill      XL: |  1  2 |
---------------+-------+-----
Fighting       | 4 |  4.9
Axes           | |  1.7
Armour         | |  1.7
Dodging        | |  0.8
Invocations    | |  2.4

Action                   |  1- 3 |  4- 6 || total
-------------------------+-------+-------++-------
Melee: Hand axe          |   150 |     6 ||   156
       Kick              |    23 |     3 ||    26
  Use: Scroll            |     9 |       ||     9
       Potion            |     3 |       ||     3
  Eat: Bread ration      |     1 |       ||     1
Armor: Ring mail         |    86 |     3 ||    89
Dodge: Dodged            |   106 |     4 ||   110
